 Dungeon Crawl Stone Soup version 0.29.0-4-gdea44cf6ec (webtiles) character file.

Game seed: 15818242348348764120

73 qw the Chopper (level 4, 0/26 HPs)
             Began as a Tengu Warper on Aug 28, 2022.
             Succumbed to Sigmund's poison
             ... on level 3 of the Dungeon.
             The game lasted 00:00:14 (3041 turns).

qw the Chopper (Tengu Warper)                       Turns: 3041, Time: 00:00:15

Health: 0/26       AC: 10    Str: 13    XL:     4   Next: 27%
Magic:  8/8        EV:  6    Int: 14    God:
Gold:   90         SH:  0    Dex: 13    Spells: 7/7 levels left

rFire   . . .      SeeInvis .   Y - +0 hand axe
rCold   . . .      Faith    .   (no shield)
rNeg    . . .      Spirit   .   d - +0 chain mail
rPois   .          Reflect  .   k - +2 hat
rElec   .          Harm     .   (no cloak)
rCorr   .          Rampage  .   (no gloves)
Will    +....                   (boots unavailable)
Stlth   ..........              (no amulet)
HPRegen 0.08/turn               i - ring of willpower
MPRegen 0.11/turn               (no ring)

@: lethally poisoned (0 -> -13)
A: beak, talons 3
a: no special abilities


You were on level 3 of the Dungeon.
You visited 1 branch of the dungeon, and saw 3 of its levels.

You collected 90 gold pieces.


Innate Abilities, Weirdness & Mutations

You have a beak for a mouth.
You have claws for feet.


   Skills:
 - Level 2.0 Fighting
 + Level 4.9 Axes
 - Level 1.0 Throwing
 - Level 1.1 Armour
 - Level 2.1 Dodging
 - Level 2.0 Spellcasting
 - Level 2.4 Translocations


You had 7 spell levels left.
You didn't know any spells.
Your spell library contained the following spells:

 Spells                   Type           Power      Damage    Failure   Level
 Blink                    Tloc           16%        N/A       99%         2
 Gell's Gravitas          Tloc           8%         N/A       100%        3
 Lesser Beckoning         Tloc           8%         N/A       100%        3
 Teleport Other           Tloc           8%         N/A       100%        3
 Manifold Assault         Tloc           8%         N/A       100%        5

Inventory:

Hand Weapons
 j - a +0 mace
 Y - a +0 hand axe (weapon)
Missiles
 g - 6 boomerangs (quivered)
Armour
 d - a +0 chain mail (worn)
 k - a +2 hat (worn)
Jewellery
 i - a ring of willpower (left hand)
Potions
 c - a potion of mutation {unknown}
 e - a potion of lignification {unknown}
 h - a potion of experience {unknown}

Dungeon Overview and Level Annotations

Branches:
Dungeon (3/15)

Altars:

Annotations:
D:3 Sigmund


Message History

(D) Dungeon
Where to? (* - list waypoints, Enter - D:3, ? - help)
What level of the Dungeon? (default 1, ? - help)
You climb downwards.
Level annotation: Sigmund Sigmund points at you and mumbles some strange words.
The puff of flame hits you.
There is a stone staircase leading up here.
2979 ||| STAIRDANCE You climb upwards.
There is a stone staircase leading down here.
You start resting.
HP restored.
Done exploring.
(D) Dungeon
Where to? (* - list waypoints, Enter - D:3, ? - help)
What level of the Dungeon? (default 1, ? - help)
You climb downwards.
Level annotation: Sigmund
There is a stone staircase leading up here.
Sigmund is nearby!
Sigmund hits you with a +5 scythe of venom.
You closely miss Sigmund. Your peck misses Sigmund.
Sigmund hits you with a +5 scythe of venom.
You are poisoned.
You closely miss Sigmund. You peck Sigmund, but do no damage.
You feel very sick.
You hit Sigmund. Your kick misses Sigmund.
Sigmund is lightly wounded.
You feel sick. Sigmund barely misses you.
You barely miss Sigmund.
Sigmund is lightly wounded.
You feel sick. Sigmund hits you but does no damage.
You are lethally poisoned!
You hit Sigmund. You claw Sigmund.
Sigmund is moderately wounded.
You feel very sick.
You barely miss Sigmund. Your peck misses Sigmund.
Sigmund is moderately wounded.
You die...

####..... . ... ........
.##.. ..#.... ....#.>
##....# #.#.#.# ....#.#
#.#.#.# #...# #.#.#.##
###..## #.#.#.<# #....##
#.#....#### ......#
#.###.@...# .###..#
##.####@.##### #
#..####...{l.........
####....................
........................
######..................
#..................
#........##########
#........#


You could see Sigmund.

Vanquished Creatures
  2 adders (D:2)
  3 dart slugs
  3 ball pythons
  5 bats
  8 endoplasms
  4 hobgoblins
  9 jackals
  A quokka (D:1)
  4 frilled lizards
  2 kobolds (D:1)
  6 rats
47 creatures vanquished.

Notes
Turn   | Place    | Note
-------+----------+-------------------------------------------
     0 | D:1      | qw the Tengu Warper began the quest for the Orb.
     0 | D:1      | Reached XP level 1. HP: 12/12 MP: 4/4
     0 | D:1      | 0 ||| qw: Version: 0.1-a-89-g26bdef1
     0 | D:1      | 0 ||| qw: Game counter: 3388
     0 | D:1      | 0 ||| qw: Always use a shield: true
     0 | D:1      | 0 ||| qw: God list: Okawaru
     0 | D:1      | 0 ||| qw: Allow faded altars: false
     0 | D:1      | 0 ||| qw: Do Orc after D:15 true
     0 | D:1      | 0 ||| qw: Do second Lair branch before Depths: true
     0 | D:1      | 0 ||| qw: Lair rune preference: random
     0 | D:1      | 0 ||| qw: Plans: Normal
     0 | D:1      | 0 ||| PLANNING D:1-11
   330 | D:1      | 330 ||| Stepping ~*~*~tactically~*~*~ (stealth).
   335 | D:1      | 335 ||| Stepping ~*~*~tactically~*~*~ (stealth).
   337 | D:1      | 337 ||| Stepping ~*~*~tactically~*~*~ (stealth).
   348 | D:1      | 348 ||| Stepping ~*~*~tactically~*~*~ (stealth).
   349 | D:1      | 349 ||| Stepping ~*~*~tactically~*~*~ (stealth).
   351 | D:1      | 351 ||| Stepping ~*~*~tactically~*~*~ (stealth).
   355 | D:1      | 355 ||| Stepping ~*~*~tactically~*~*~ (stealth).
   366 | D:1      | Reached skill level 3 in Axes
   366 | D:1      | Reached XP level 2. HP: 16/17 MP: 6/6
   417 | D:1      | 417 ||| Stepping ~*~*~tactically~*~*~ (stealth).
   418 | D:1      | 418 ||| Stepping ~*~*~tactically~*~*~ (stealth).
   439 | D:1      | 439 ||| Stepping ~*~*~tactically~*~*~ (stealth).
   783 | D:1      | 783 ||| DROPPING +0 club.
   952 | D:1      | 952 ||| Stepping ~*~*~tactically~*~*~ (hiding).
  1053 | D:1      | Reached XP level 3. HP: 20/21 MP: 7/7
  1165 | D:1      | Reached skill level 4 in Axes
  1174 | D:1      | 1174 ||| Stepping ~*~*~tactically~*~*~ (stealth).
  1175 | D:1      | 1175 ||| Stepping ~*~*~tactically~*~*~ (stealth).
  1179 | D:1      | 1179 ||| Stepping ~*~*~tactically~*~*~ (stealth).
  1180 | D:1      | 1180 ||| Stepping ~*~*~tactically~*~*~ (stealth).
  1194 | D:1      | 1194 ||| Stepping ~*~*~tactically~*~*~ (stealth).
  1195 | D:1      | 1195 ||| Stepping ~*~*~tactically~*~*~ (stealth).
  1213 | D:1      | 1213 ||| Stepping ~*~*~tactically~*~*~ (stealth).
  1300 | D:1      | 1300 ||| Stepping ~*~*~tactically~*~*~ (stealth).
  1301 | D:1      | 1301 ||| Stepping ~*~*~tactically~*~*~ (stealth).
  1618 | D:1      | 1618 ||| UPGRADING to +2 hat.
  1623 | D:1      | 1623 ||| UPGRADING to ring of willpower.
  1624 | D:1      | 1624 ||| READING scroll labelled NUAPRY PIECZIT.
  1625 | D:1      | 1625 ||| READING scroll labelled YNICLIHERAE.
  1626 | D:1      | 1626 ||| READING scroll labelled XONYOSHR OPRA.
  1629 | D:1      | 1629 ||| READING scroll labelled XIZUEM KASAED.
  1630 | D:1      | 1630 ||| DROPPING scroll of blinking.
  1928 | D:2      | Found a faded altar of an unknown god.
  2279 | D:2      | Reached XP level 4. HP: 26/26 MP: 8/8
  2576 | D:2      | 2576 ||| Stepping ~*~*~tactically~*~*~ (stealth).
  2625 | D:2      | 2625 ||| UPGRADING to +0 scale mail.
  2635 | D:2      | 2635 ||| DROPPING +0 leather armour.
  2636 | D:2      | 2636 ||| UPGRADING to +0 chain mail.
  2646 | D:2      | 2646 ||| DROPPING +0 scale mail.
  2647 | D:2      | 2647 ||| DROPPING orb of wrath.
  2667 | D:3      | 2667 ||| Stepping ~*~*~tactically~*~*~ (hiding).
  2795 | D:3      | Noticed Sigmund
  2796 | D:3      | 2796 ||| Stepping ~*~*~tactically~*~*~ (hiding).
  2806 | D:3      | 2806 ||| FLEEEEING.
  2807 | D:3      | 2807 ||| FLEEEEING.
  2808 | D:3      | 2808 ||| FLEEEEING.
  2809 | D:3      | 2809 ||| FLEEEEING.
  2810 | D:3      | 2810 ||| FLEEEEING.
  2811 | D:3      | 2811 ||| FLEEEEING.
  2812 | D:3      | 2812 ||| FLEEEEING.
  2813 | D:3      | 2813 ||| FLEEEEING.
  2814 | D:3      | 2814 ||| FLEEEEING.
  2815 | D:3      | 2815 ||| FLEEEEING.
  2816 | D:3      | 2816 ||| FLEEEEING.
  2817 | D:3      | 2817 ||| FLEEEEING.
  2818 | D:3      | 2818 ||| FLEEEEING.
  2819 | D:3      | 2819 ||| FLEEEEING.
  2820 | D:3      | 2820 ||| FLEEEEING.
  2821 | D:3      | 2821 ||| FLEEEEING.
  2822 | D:3      | 2822 ||| FLEEEEING.
  2824 | D:3      | 2824 ||| FLEEEEING.
  2825 | D:3      | 2825 ||| STAIRDANCE
  2974 | D:3      | 2974 ||| STAIRDANCE
  2979 | D:3      | 2979 ||| STAIRDANCE
  3040 | D:3      | HP: 3/26 [poisoned by Sigmund]
  3041 | D:3      | Succumbed to Sigmund's poison

Levels and vault maps discovered:
D:1:      dpeg_arrival_yet_another_circle, layout_loops_ring,
          hangedman_decor_slide_cut, minmay_misc_feat_ornament,
          nicolae_concentric_dashed_squares_mild
D:2:      layout_loops_cross, hellmonk_ecumenical_altar_pennies_from_heaven,
          kennysheep_pointless_box
D:3:      minmay_goblin_kobold_castle, layout_rooms, vehumet_crystals,
          uniq_sigmund

Skill      XL: |  1  2  3 |
---------------+----------+-----
Axes           | 3 4 |  4.9
Fighting       | |  2.0
Throwing       | |  1.0
Armour         | |  1.1
Dodging        | |  2.1
Spellcasting   | |  2.0
Translocations | |  2.4

Action                   |  1- 3 |  4- 6 || total
-------------------------+-------+-------++-------
Melee: Hand axe          |   105 |    28 ||   133
       Kick              |    24 |     9 ||    33
       Peck              |    11 |     4 ||    15
       Punch             |     1 |       ||     1
Throw: Boomerang         |     7 |       ||     7
  Use: Scroll            |     4 |       ||     4
 Stab: Distracted        |     1 |       ||     1
Armor: Leather armour    |    31 |     4 ||    35
       Chain mail        |       |     3 ||     3
Dodge: Dodged            |    85 |    11 ||    96

Table legend:
 A = Non-vault XP
 B = Vault XP
 C = Vault XP percentage of total XP
 D = Non-vault monster count
 E = Vault monster count
 F = Vault count percentage of total count
                 A         B        C        D         E       F
            +---------+---------+-------+---------+---------+-------
      Total |     105 |       0 |   0.0 |      47 |       0 |   0.0
            +---------+---------+-------+---------+---------+-------
        D:1 |      46 |       0 |   0.0 |      26 |       0 |   0.0
        D:2 |      55 |       0 |   0.0 |      20 |       0 |   0.0
        D:3 |       4 |       0 |   0.0 |       1 |       0 |   0.0
            +---------+---------+-------+---------+---------+-------
